 Dungeon Crawl Stone Soup version 0.20-a0-795-ga03948b (webtiles) character file.

62 Alarkh the Slasher (level 3, -2/43 HPs)
             Began as a Demonspawn Monk on Mar 1, 2017.
             Killed from afar by an ooze (8 damage)
             ... with an exploding inner flame
             ... hexed by the player character
             ... on level 2 of the Dungeon.
             The game lasted 00:01:36 (1246 turns).

Alarkh the Slasher (Demonspawn Monk)                Turns: 1246, Time: 00:01:37

Health: -2/43      AC: 21    Str: 11    XL:     3   Next: 85%
Magic:  3/3        EV:  2    Int: 17    God:
Gold:   38         SH:  0    Dex: 15    Spells: 2/2 levels left

rFire    . . .     SeeInvis .   a - +0 falchion
rCold    + . .     Gourm    .   (armour currently unavailable)
rNeg     + + +     Faith    .   (no shield)
rPois    +         Spirit   .   (helmet currently unavailable)
rElec    .         Reflect  .   (cloak currently unavailable)
rCorr    .         Harm     .   (gloves currently unavailable)
MR       .....     NoTele   +   (boots currently unavailable)
Stlth    ++........             (no amulet)
Regen    0.2/turn               (no ring)
MPRegen  0.1/turn               f - ring of protection from cold

@: brilliant, tree-form
A: (icy blue scales 0)
a: no special abilities


You were on level 2 of the Dungeon.
You were not hungry.
You were a tree.
You visited 1 branch of the dungeon, and saw 2 of its levels.

You collected 38 gold pieces.

Inventory:

Hand Weapons
 a - a +0 falchion (weapon)
Armour
 b - a +0 robe (melded)
 g - a +0 cloak (melded)
Jewellery
 f - a ring of protection from cold (left branch)
Scrolls
 k - a scroll of remove curse
 m - a scroll of fog {unknown}
 n - a scroll of identify {unknown}
Comestibles
 c - a bread ration
 d - a fruit
 o - 3 chunks of flesh


   Skills:
 + Level 3.5 Fighting
 * Level 3.6 Long Blades
 + Level 3.1 Dodging
 - Level 1.7 Stealth


You had 2 spell levels left.
You didn't know any spells.

Dungeon Overview and Level Annotations

Branches:
Dungeon (2/15)

Altars:


Innate Abilities, Weirdness & Mutations

((You are mostly covered in icy blue scales. (AC +3)))


Message History

The ooze is severely wounded.
The gnoll hits you but does no damage. x2
The ooze hits you but does no damage.
As you read the scroll labeled ISUFROSTRAN, it crumbles to dust.
You cannot teleport because you are held in place by your roots.
It was a scroll of blinking.
The gnoll hits you but does no damage. x2
The ooze hits you but does no damage.
As you read the scroll labeled EZUXZU DOSOES, it crumbles to dust.
You feel blessed for a moment.
It was a scroll of remove curse.
The gnoll hits you but does no damage. x2; The ooze hits you.
* * * LOW HITPOINT WARNING * * *
As you read the scroll labeled XAMPOI SUOQ, it crumbles to dust.
The creatures around you are filled with an inner flame!
It was a scroll of immolation.
The gnoll hits you but does no damage. x2
The ooze hits you but does no damage.
Okay, then.
You hit the ooze.
The ooze explodes!
The fiery explosion engulfs you!
You die...

####.#.....# ?.#
.......##(# ##.#######
#.####.##(#######........#
#. #.##................# #
#>....(....#........#####
#>.###)###.+...$.........
#..#)....#)#........######
#. ##.#.##.#g.............
.. #.....#♣§g.............
## #######)§#######.....!.
.......§.# .......
###......# g......
######## ....... .......
.#####. .#


You could see 2 gnolls.

Vanquished Creatures
  2 gnolls (D:2)
  2 adders (D:2)
  A dart slug (D:1)
  A bat (D:1)
  2 giant cockroaches (D:1)
  6 goblins
  2 hobgoblins
  3 frilled lizards (D:2)
  A kobold (D:2)
  6 rats
26 creatures vanquished.

Notes
Turn   | Place    | Note
-------+----------+-------------------------------------------
     0 | D:1      | Alarkh the Demonspawn Monk began the quest for the Orb.
     0 | D:1      | Reached XP level 1. HP: 18/18 MP: 1/1
   570 | D:1      | Gained mutation: You are partially covered in icy blue scales. (AC +2) [demonic ancestry]
   570 | D:1      | Reached XP level 2. HP: 24/24 MP: 2/2
   856 | D:2      | Gained mutation: You are mostly covered in icy blue scales. (AC +3) [demonic ancestry]
   856 | D:2      | Reached XP level 3. HP: 14/29 MP: 3/3
  1246 | D:2      | Killed from afar by an ooze

Vault maps used:
D:1:      lemuel_arrival_muddy
D:2:      nicolae_overflow_hidden_temple, solitary_fountain,
          minmay_split_cup_large

Skill      XL: |  1  2 |
---------------+-------+-----
Long Blades    | 3 |  3.6
Dodging        | 3 |  3.1
Fighting       | |  3.5
Stealth        | |  1.7

Action                   || total
-------------------------++-------
Melee: Falchion          ||    98
  Use: Potion            ||     4
       Scroll            ||     3
 Stab: Sleeping          ||     3
  Eat: Chunk             ||     1
Armor: Robe              ||    20
       Skin              ||    61
Dodge: Dodged            ||    68
       Rpst.: Falchion   ||    24
